Penguins vs Oilers

Created - February 20 2007 at 19:32

Goals
1 2 3 OT1 T
Penguins 0 0 1 1 2
Oilers 0 1 0 0 1
Shots
1 2 3 OT1 T
Penguins 12 4 13 2 31
Oilers 15 13 12 0 40

Period #1

No Goal

Penalities :
Ruslan Salei (EDM) for Roughing (Minor) at 0:07, Ruslan Salei (EDM) for Elbowing (Minor) at 4:38, Colby Armstrong (PIT) for Hooking (Minor) at 8:52, Colby Armstrong (PIT) for Interference (Minor) at 11:01, Marc-Andre Fleury (PIT) for Slashing (Minor) at 19:54 - Ryan Whitney served the penalty.

Period #2

1. Oilers , Keith Tkachuk 12 (Ales Hemsky, Nicklas Lidstrom) at 14:44

Penalities :
Marc-Andre Fleury (PIT) for Slashing (Minor) at 3:19 - Colby Armstrong served the penalty., Christian Backman (PIT) for Interference (Minor) at 6:10, Brendan Witt (EDM) for Tripping (Minor) at 10:35

Period #3

2. Penguins , Sidney Crosby 31 (Ryan Whitney, Mark Recchi) at 9:53

Penalities :
Jason Smith (EDM) for Slashing (Minor) at 0:53, Sergei Gonchar (PIT) for Slashing (Minor) at 7:02, Brendan Witt (EDM) for Charging (Minor) at 15:30, Steve Staios (EDM) for Holding (Minor) at 19:09

Overtime #1

3. Penguins , Sidney Crosby 32 (Ryan Whitney, Tomas Surovy) at 3:35

Penalities :
No Penalty

Goalie Stats

Marc-Andre Fleury (PIT), 39 saves from 40 shots - (0.975), W, 15-11-2, 63:36 minutes
Dwayne Roloson (EDM), 29 saves from 31 shots - (0.935), OTL, 18-16-3, 63:36 minutes

Players Stats

Penguins
Player Name              G  A  P  +/- PIM S  H  SB FO MP 
-----------------------------------------------------------
Brooks Orpik             0  0  0   0  0   0  0  0  0  20 
Christian Backman        0  0  0   0  2   0  2  3  0  21 
Colby Armstrong          0  0  0   0  4   2  0  0  2  20 
Erik Christensen         0  0  0   0  0   0  0  0  17 13 
Jason Blake              0  0  0   0  0   5  1  0  11 25 
Jere Lehtinen            0  0  0  -1  0   5  0  0  4  23 
Josef Melichar           0  0  0   0  0   0  0  2  0  25 
Kris Draper              0  0  0   0  0   0  0  0  18 19 
Mark Eaton               0  0  0   0  0   2  0  0  0  14 
Mark Recchi              0  1  1   1  0   2  1  0  0  11 
Martin Lapointe          0  0  0   0  0   0  0  0  0  3  
Michel Ouellet           0  0  0   0  0   0  0  0  2  13 
Nils Ekman               0  0  0   0  0   1  0  0  0  14 
Ryan Malone              0  0  0   0  0   4  1  0  6  21 
Ryan Whitney             0  2  2   1  0   2  0  3  0  24 
Sergei Gonchar           0  0  0   1  2   1  3  0  0  25 
Sidney Crosby            2  0  2   1  0   7  2  0  33 26 
Tomas Surovy             0  1  1   1  0   0  0  0  0  3  
Oilers
Player Name              G  A  P  +/- PIM S  H  SB FO MP 
-----------------------------------------------------------
Ales Hemsky              0  1  1   1  0   4  0  0  0  18 
Brendan Witt             0  0  0   1  4   1  0  0  0  20 
Daniel Alfredsson        0  0  0  -1  0   7  0  0  1  24 
Daniel Tjarnqvist        0  0  0   0  0   0  0  0  0  17 
Fernando Pisani          0  0  0   0  0   2  0  0  1  11 
Jarret Stoll             0  0  0   1  0   4  0  0  29 25 
Jason Smith              0  0  0  -1  2   1  1  1  0  22 
Keith Tkachuk            1  0  1   1  0   7  0  0  3  17 
Marty Reasoner           0  0  0   0  0   1  1  0  17 13 
Mike Sillinger           0  0  0   0  0   3  1  0  1  14 
Nicklas Lidstrom         0  1  1   0  0   0  0  0  0  24 
Petr Sykora              0  0  0  -1  0   0  0  0  1  7  
Raffi Torres             0  0  0  -1  0   2  0  0  1  7  
Ruslan Salei             0  0  0  -1  4   0  2  3  0  22 
Ryan Johnson             0  0  0  -1  0   1  0  1  15 12 
Ryan Smyth               0  0  0   0  0   3  2  0  2  23 
Shawn Horcoff            0  0  0  -1  0   1  0  0  22 18 
Steve Staios             0  0  0  -1  2   3  1  1  0  25 

3 Stars

1 - Marc-Andre Fleury (PIT)
2 - Sidney Crosby (PIT)
3 - Ryan Whitney (PIT)

Power Play

Penguins - 0 on 5 Attempt(s) - 0.00%
Oilers - 0 on 5 Attempt(s) - 0.00%

Penalty Kill

Penguins - 5 on 5 Attempt(s) - 100.00% - Score 0 goal in Penalty Kill
Oilers - 5 on 5 Attempt(s) - 100.00% - Score 0 goal in Penalty Kill

Game Notes

No Game Note

Finance

Level 1 -- Attendance: 2738 (54.76%) -- Ticket Income $301,180.00
Level 2 -- Attendance: 3516 (82.72%) -- Ticket Income $175,800.00
Level 3 -- Attendance: 1394 (65.19%) -- Ticket Income $48,790.00
Level 4 -- Attendance: 2288 (57.21%) -- Ticket Income $57,200.00
Luxury Box -- Attendance: 653 (65.34%) -- Ticket Income $146,925.00
Game was played at the Rexall Place
Total Attendance: 10589 (64.61%)
Total Ticket Income: $756,852.60
Other Income: $57,715.10
Total Income: $814,568.00


Play by Play

Period #1

0:01 of 1st period - Shawn Horcoff wins face-off versus Sidney Crosby in neutral zone.
0:07 of 1st period - Minor Penalty to Ruslan Salei for Roughing.
0:08 of 1st period - Jason Blake wins face-off versus Ryan Johnson in neutral zone.
1:12 of 1st period - Icing by Brooks Orpik.
1:13 of 1st period - Ryan Malone wins face-off versus Jarret Stoll in Penguins zone.
1:42 of 1st period - Shot by Colby Armstrong.
1:42 of 1st period - Stopped by Dwayne Roloson without a rebound.
1:43 of 1st period - Jarret Stoll wins face-off versus Sidney Crosby in Oilers zone.
2:15 of 1st period - Icing by Jason Smith.
2:16 of 1st period - Kris Draper wins face-off versus Marty Reasoner in Oilers zone.
2:17 of 1st period - Shot by Nils Ekman.
2:17 of 1st period - Stopped by Dwayne Roloson without a rebound.
2:18 of 1st period - Marty Reasoner wins face-off versus Kris Draper in Oilers zone.
2:35 of 1st period - Shot by Mike Sillinger.
2:35 of 1st period - Shot Misses the Net.
2:39 of 1st period - Kris Draper is hit by Jason Smith and loses puck.
2:58 of 1st period - Icing by Jason Smith.
2:59 of 1st period - Erik Christensen wins face-off versus Marty Reasoner in Oilers zone.
3:04 of 1st period - Shot by Jason Blake.
3:04 of 1st period - Shot Misses the Net.
3:14 of 1st period - Icing by Michel Ouellet.
3:15 of 1st period - Erik Christensen wins face-off versus Shawn Horcoff in Penguins zone.
3:15 of 1st period - Christian Backman is hit by Ruslan Salei and loses puck.
3:37 of 1st period - Shot by Ryan Smyth.
3:37 of 1st period - Shot Misses the Net.
3:38 of 1st period - Shot by Steve Staios.
3:38 of 1st period - Stopped by Marc-Andre Fleury without a rebound.
3:39 of 1st period - Colby Armstrong wins face-off versus Jarret Stoll in Penguins zone.
4:00 of 1st period - Shot by Sidney Crosby.
4:00 of 1st period - Shot Misses the Net.
4:01 of 1st period - Shot by Ryan Whitney.
4:01 of 1st period - Stopped by Dwayne Roloson without a rebound.
4:02 of 1st period - Kris Draper wins face-off versus Shawn Horcoff in Oilers zone.
4:12 of 1st period - Icing by Ryan Smyth.
4:13 of 1st period - Shawn Horcoff wins face-off versus Sidney Crosby in Oilers zone.
4:13 of 1st period - Ryan Smyth is hit by Mark Recchi and loses puck.
4:25 of 1st period - Shot by Colby Armstrong.
4:25 of 1st period - Shot Blocked by Ruslan Salei.
4:26 of 1st period - Shot by Sergei Gonchar.
4:26 of 1st period - Shot Misses the Net.
4:29 of 1st period - Shot by Colby Armstrong.
4:29 of 1st period - Shot Misses the Net.
4:30 of 1st period - Shot by Ryan Whitney.
4:30 of 1st period - Shot Misses the Net.
4:31 of 1st period - Shot by Ryan Whitney.
4:31 of 1st period - Shot Misses the Net.
4:32 of 1st period - Shot by Sergei Gonchar.
4:32 of 1st period - Stopped by Dwayne Roloson with a rebound.
4:37 of 1st period - Shot by Colby Armstrong.
4:37 of 1st period - Shot Misses the Net.
4:38 of 1st period - Shot by Ryan Whitney.
4:38 of 1st period - Stopped by Dwayne Roloson with a rebound.
4:38 of 1st period - Minor Penalty to Ruslan Salei for Elbowing.
4:39 of 1st period - Jason Blake wins face-off versus Jarret Stoll in Oilers zone.
4:50 of 1st period - Shot by Sidney Crosby.
4:50 of 1st period - Shot Misses the Net.
4:55 of 1st period - Shot by Jason Blake.
4:55 of 1st period - Stopped by Dwayne Roloson with a rebound.
4:56 of 1st period - Shot by Jere Lehtinen.
4:56 of 1st period - Stopped by Dwayne Roloson without a rebound.
4:57 of 1st period - Ryan Johnson wins face-off versus Jason Blake in Oilers zone.
5:24 of 1st period - Shot by Sidney Crosby.
5:24 of 1st period - Shot Misses the Net.
5:46 of 1st period - Icing by Ryan Whitney.
5:47 of 1st period - Jarret Stoll wins face-off versus Ryan Malone in Penguins zone.
6:04 of 1st period - Shot by Colby Armstrong.
6:04 of 1st period - Shot Misses the Net.
6:05 of 1st period - Shot by Colby Armstrong.
6:05 of 1st period - Shot Misses the Net.
6:22 of 1st period - Shot by Daniel Alfredsson.
6:22 of 1st period - Shot Blocked by Christian Backman.
6:23 of 1st period - Shot by Jason Smith.
6:23 of 1st period - Shot Misses the Net.
6:24 of 1st period - Shot by Nicklas Lidstrom.
6:24 of 1st period - Shot Misses the Net.
6:25 of 1st period - Shot by Ryan Johnson.
6:25 of 1st period - Stopped by Marc-Andre Fleury without a rebound.
6:26 of 1st period - Sidney Crosby wins face-off versus Ryan Johnson in Penguins zone.
6:33 of 1st period - Shot by Sidney Crosby.
6:33 of 1st period - Stopped by Dwayne Roloson without a rebound.
6:34 of 1st period - Ryan Johnson wins face-off versus Ryan Malone in Oilers zone.
6:57 of 1st period - Shot by Mike Sillinger.
6:57 of 1st period - Stopped by Marc-Andre Fleury without a rebound.
6:58 of 1st period - Erik Christensen wins face-off versus Jarret Stoll in Penguins zone.
7:09 of 1st period - Shot by Ales Hemsky.
7:09 of 1st period - Shot Misses the Net.
7:57 of 1st period - Jarret Stoll is hit by Ryan Malone and loses puck.
8:52 of 1st period - Minor Penalty to Colby Armstrong for Hooking.
8:53 of 1st period - Shawn Horcoff wins face-off versus Sidney Crosby in Penguins zone.
9:04 of 1st period - Shot by Ryan Smyth.
9:04 of 1st period - Stopped by Marc-Andre Fleury with a rebound.
9:05 of 1st period - Shot by Steve Staios.
9:05 of 1st period - Stopped by Marc-Andre Fleury with a rebound.
9:06 of 1st period - Shot by Shawn Horcoff.
9:06 of 1st period - Shot Blocked by Ryan Whitney.
9:09 of 1st period - Shot by Daniel Alfredsson.
9:09 of 1st period - Shot Misses the Net.
9:12 of 1st period - Shot by Daniel Alfredsson.
9:12 of 1st period - Shot Misses the Net.
9:13 of 1st period - Shot by Jason Smith.
9:13 of 1st period - Stopped by Marc-Andre Fleury without a rebound.
9:14 of 1st period - Jason Blake wins face-off versus Shawn Horcoff in Penguins zone.
10:09 of 1st period - Shot by Raffi Torres.
10:09 of 1st period - Stopped by Marc-Andre Fleury without a rebound.
10:10 of 1st period - Shawn Horcoff wins face-off versus Jason Blake in Penguins zone.
10:17 of 1st period - Shot by Daniel Alfredsson.
10:17 of 1st period - Stopped by Marc-Andre Fleury without a rebound.
10:18 of 1st period - Shawn Horcoff wins face-off versus Jason Blake in Penguins zone.
10:59 of 1st period - Shot by Colby Armstrong.
10:59 of 1st period - Shot Misses the Net.
11:01 of 1st period - Minor Penalty to Colby Armstrong for Interference.
11:02 of 1st period - Jarret Stoll wins face-off versus Sidney Crosby in neutral zone.
11:15 of 1st period - Shot by Mike Sillinger.
11:15 of 1st period - Shot Misses the Net.
11:56 of 1st period - Shot by Mike Sillinger.
11:56 of 1st period - Stopped by Marc-Andre Fleury without a rebound.
11:57 of 1st period - Marty Reasoner wins face-off versus Ryan Malone in Penguins zone.
14:03 of 1st period - Icing by Daniel Tjarnqvist.
14:04 of 1st period - Marty Reasoner wins face-off versus Sidney Crosby in Oilers zone.
14:12 of 1st period - Sidney Crosby is hit by Ruslan Salei and loses puck.
14:20 of 1st period - Shot by Mark Recchi.
14:20 of 1st period - Stopped by Dwayne Roloson without a rebound.
14:21 of 1st period - Erik Christensen wins face-off versus Shawn Horcoff in Oilers zone.
16:30 of 1st period - Shot by Nils Ekman.
16:30 of 1st period - Shot Blocked by Ruslan Salei.
16:35 of 1st period - Shot by Kris Draper.
16:35 of 1st period - Shot Blocked by Ruslan Salei.
16:36 of 1st period - Shot by Mark Eaton.
16:36 of 1st period - Stopped by Dwayne Roloson without a rebound.
16:37 of 1st period - Kris Draper wins face-off versus Mike Sillinger in Oilers zone.
16:46 of 1st period - Shot by Mike Sillinger.
16:46 of 1st period - Stopped by Marc-Andre Fleury without a rebound.
16:47 of 1st period - Jarret Stoll wins face-off versus Colby Armstrong in Penguins zone.
16:50 of 1st period - Shot by Ales Hemsky.
16:50 of 1st period - Stopped by Marc-Andre Fleury without a rebound.
16:51 of 1st period - Kris Draper wins face-off versus Marty Reasoner in Penguins zone.
16:57 of 1st period - Mark Eaton is hit by Marty Reasoner and loses puck.
17:18 of 1st period - Nils Ekman is hit by Mike Sillinger and loses puck.
17:33 of 1st period - Mike Sillinger is hit by Sergei Gonchar and loses puck.
17:57 of 1st period - Shot by Keith Tkachuk.
17:57 of 1st period - Stopped by Marc-Andre Fleury with a rebound.
18:02 of 1st period - Shot by Keith Tkachuk.
18:02 of 1st period - Shot Misses the Net.
18:05 of 1st period - Shot by Keith Tkachuk.
18:05 of 1st period - Shot Misses the Net.
18:06 of 1st period - Shot by Keith Tkachuk.
18:06 of 1st period - Stopped by Marc-Andre Fleury without a rebound.
18:07 of 1st period - Erik Christensen wins face-off versus Shawn Horcoff in Penguins zone.
18:11 of 1st period - Off-side.
18:12 of 1st period - Erik Christensen wins face-off versus Shawn Horcoff in neutral zone.
18:12 of 1st period - Christian Backman is hit by Ryan Smyth and loses puck.
18:24 of 1st period - Shot by Daniel Alfredsson.
18:24 of 1st period - Shot Misses the Net.
18:27 of 1st period - Shot by Shawn Horcoff.
18:27 of 1st period - Stopped by Marc-Andre Fleury without a rebound.
18:28 of 1st period - Michel Ouellet wins face-off versus Jarret Stoll in Penguins zone.
19:17 of 1st period - Shot by Ryan Malone.
19:17 of 1st period - Stopped by Dwayne Roloson without a rebound.
19:18 of 1st period - Sidney Crosby wins face-off versus Marty Reasoner in Oilers zone.
19:27 of 1st period - Shot by Sidney Crosby.
19:27 of 1st period - Stopped by Dwayne Roloson without a rebound.
19:28 of 1st period - Sidney Crosby wins face-off versus Ryan Smyth in Oilers zone.
19:49 of 1st period - Shot by Ryan Smyth.
19:49 of 1st period - Shot Misses the Net.
19:54 of 1st period - Shot by Ryan Smyth.
19:54 of 1st period - Stopped by Marc-Andre Fleury without a rebound.
19:54 of 1st period - Minor Penalty to Marc-Andre Fleury for Slashing.
19:55 of 1st period - Keith Tkachuk wins face-off versus Jere Lehtinen in Penguins zone.

Period #2

0:01 of 2nd period - Sidney Crosby wins face-off versus Shawn Horcoff in neutral zone.
0:16 of 2nd period - Shot by Jason Blake.
0:16 of 2nd period - Shot Misses the Net.
0:27 of 2nd period - Shot by Daniel Alfredsson.
0:27 of 2nd period - Stopped by Marc-Andre Fleury without a rebound.
0:28 of 2nd period - Jarret Stoll wins face-off versus Sidney Crosby in Penguins zone.
0:31 of 2nd period - Shot by Keith Tkachuk.
0:31 of 2nd period - Stopped by Marc-Andre Fleury without a rebound.
0:32 of 2nd period - Sidney Crosby wins face-off versus Jarret Stoll in Penguins zone.
0:58 of 2nd period - Ales Hemsky is hit by Sidney Crosby and loses puck.
1:54 of 2nd period - Shot by Daniel Alfredsson.
1:54 of 2nd period - Shot Misses the Net.
2:09 of 2nd period - Shot by Mark Recchi.
2:09 of 2nd period - Stopped by Dwayne Roloson without a rebound.
2:10 of 2nd period - Kris Draper wins face-off versus Fernando Pisani in Oilers zone.
2:17 of 2nd period - Shot by Nils Ekman.
2:17 of 2nd period - Shot Misses the Net.
2:18 of 2nd period - Shot by Mark Eaton.
2:18 of 2nd period - Shot Misses the Net.
2:21 of 2nd period - Shot by Nils Ekman.
2:21 of 2nd period - Shot Misses the Net.
2:24 of 2nd period - Shot by Ryan Malone.
2:24 of 2nd period - Stopped by Dwayne Roloson without a rebound.
2:25 of 2nd period - Erik Christensen wins face-off versus Keith Tkachuk in Oilers zone.
2:41 of 2nd period - Icing by Christian Backman.
2:42 of 2nd period - Shawn Horcoff wins face-off versus Erik Christensen in Penguins zone.
3:19 of 2nd period - Shot by Daniel Alfredsson.
3:19 of 2nd period - Stopped by Marc-Andre Fleury without a rebound.
3:19 of 2nd period - Minor Penalty to Marc-Andre Fleury for Slashing.
3:20 of 2nd period - Sidney Crosby wins face-off versus Jarret Stoll in Penguins zone.
5:31 of 2nd period - Shot by Nils Ekman.
5:31 of 2nd period - Shot Misses the Net.
5:34 of 2nd period - Shot by Ryan Malone.
5:34 of 2nd period - Stopped by Dwayne Roloson without a rebound.
5:35 of 2nd period - Ryan Johnson wins face-off versus Sidney Crosby in Oilers zone.
6:00 of 2nd period - Shot by Raffi Torres.
6:00 of 2nd period - Shot Misses the Net.
6:03 of 2nd period - Shot by Raffi Torres.
6:03 of 2nd period - Stopped by Marc-Andre Fleury without a rebound.
6:04 of 2nd period - Marty Reasoner wins face-off versus Erik Christensen in Penguins zone.
6:10 of 2nd period - Minor Penalty to Christian Backman for Interference.
6:11 of 2nd period - Shawn Horcoff wins face-off versus Jason Blake in Penguins zone.
7:10 of 2nd period - Shot by Keith Tkachuk.
7:10 of 2nd period - Shot Misses the Net.
7:27 of 2nd period - Shot by Ales Hemsky.
7:27 of 2nd period - Stopped by Marc-Andre Fleury with a rebound.
8:41 of 2nd period - Off-side.
8:42 of 2nd period - Kris Draper wins face-off versus Marty Reasoner in neutral zone.
8:48 of 2nd period - Icing by Jason Smith.
8:49 of 2nd period - Sidney Crosby wins face-off versus Marty Reasoner in Oilers zone.
10:35 of 2nd period - Minor Penalty to Brendan Witt for Tripping.
10:36 of 2nd period - Jarret Stoll wins face-off versus Jason Blake in Penguins zone.
10:49 of 2nd period - Shot by Jason Blake.
10:49 of 2nd period - Shot Misses the Net.
11:00 of 2nd period - Shot by Jarret Stoll.
11:00 of 2nd period - Shot Misses the Net.
11:40 of 2nd period - Icing by Colby Armstrong.
11:41 of 2nd period - Sidney Crosby wins face-off versus Jarret Stoll in Penguins zone.
11:45 of 2nd period - Icing by Ryan Malone.
11:46 of 2nd period - Sidney Crosby wins face-off versus Ryan Johnson in Penguins zone.
12:00 of 2nd period - Icing by Ryan Whitney.
12:01 of 2nd period - Jarret Stoll wins face-off versus Sidney Crosby in Penguins zone.
12:45 of 2nd period - Off-side.
12:46 of 2nd period - Jarret Stoll wins face-off versus Erik Christensen in neutral zone.
12:53 of 2nd period - Shot by Jarret Stoll.
12:53 of 2nd period - Stopped by Marc-Andre Fleury with a rebound.
12:58 of 2nd period - Shot by Jarret Stoll.
12:58 of 2nd period - Stopped by Marc-Andre Fleury without a rebound.
12:59 of 2nd period - Kris Draper wins face-off versus Marty Reasoner in Penguins zone.
14:06 of 2nd period - Shot by Ryan Smyth.
14:06 of 2nd period - Stopped by Marc-Andre Fleury with a rebound.
14:09 of 2nd period - Shot by Shawn Horcoff.
14:09 of 2nd period - Stopped by Marc-Andre Fleury without a rebound.
14:10 of 2nd period - Sidney Crosby wins face-off versus Jarret Stoll in Penguins zone.
14:39 of 2nd period - Shot by Sidney Crosby.
14:39 of 2nd period - Shot Misses the Net.
14:44 of 2nd period - Shot by Keith Tkachuk.
14:44 of 2nd period - Goal by Keith Tkachuk - Penguins : 0 - Oilers : 1.
14:45 of 2nd period - Ryan Malone wins face-off versus Shawn Horcoff in neutral zone.
14:50 of 2nd period - Shot by Nils Ekman.
14:50 of 2nd period - Shot Misses the Net.
15:26 of 2nd period - Daniel Alfredsson is hit by Christian Backman and loses puck.
15:29 of 2nd period - Steve Staios is hit by Jason Blake and loses puck.
15:38 of 2nd period - Off-side.
15:39 of 2nd period - Erik Christensen wins face-off versus Jarret Stoll in neutral zone.
16:14 of 2nd period - Shot by Ales Hemsky.
16:14 of 2nd period - Stopped by Marc-Andre Fleury without a rebound.
16:15 of 2nd period - Sidney Crosby wins face-off versus Marty Reasoner in Penguins zone.
16:26 of 2nd period - Shot by Mike Sillinger.
16:26 of 2nd period - Shot Blocked by Ryan Whitney.
16:29 of 2nd period - Shot by Fernando Pisani.
16:29 of 2nd period - Shot Misses the Net.
16:30 of 2nd period - Shot by Jason Smith.
16:30 of 2nd period - Shot Misses the Net.
16:31 of 2nd period - Shot by Daniel Tjarnqvist.
16:31 of 2nd period - Shot Hit the Post.
16:34 of 2nd period - Shot by Mike Sillinger.
16:34 of 2nd period - Stopped by Marc-Andre Fleury with a rebound.
16:35 of 2nd period - Shot by Jason Smith.
16:35 of 2nd period - Stopped by Marc-Andre Fleury without a rebound.
16:36 of 2nd period - Petr Sykora wins face-off versus Kris Draper in Penguins zone.
17:44 of 2nd period - Icing by Kris Draper.
17:45 of 2nd period - Kris Draper wins face-off versus Shawn Horcoff in Penguins zone.
18:29 of 2nd period - Icing by Jere Lehtinen.
18:30 of 2nd period - Jarret Stoll wins face-off versus Sidney Crosby in Penguins zone.
18:48 of 2nd period - Icing by Nicklas Lidstrom.
18:49 of 2nd period - Jarret Stoll wins face-off versus Erik Christensen in Oilers zone.
18:54 of 2nd period - Shot by Jason Blake.
18:54 of 2nd period - Shot Misses the Net.
18:57 of 2nd period - Shot by Michel Ouellet.
18:57 of 2nd period - Stopped by Dwayne Roloson without a rebound.
18:58 of 2nd period - Marty Reasoner wins face-off versus Erik Christensen in Oilers zone.
19:30 of 2nd period - Off-side.
19:31 of 2nd period - Jarret Stoll wins face-off versus Sidney Crosby in neutral zone.

Period #3

0:01 of 3rd period - Sidney Crosby wins face-off versus Ryan Smyth in neutral zone.
0:15 of 3rd period - Sidney Crosby is hit by Steve Staios and loses puck.
0:19 of 3rd period - Shot by Ryan Whitney.
0:19 of 3rd period - Stopped by Dwayne Roloson without a rebound.
0:20 of 3rd period - Jarret Stoll wins face-off versus Erik Christensen in Oilers zone.
0:20 of 3rd period - Ales Hemsky is hit by Christian Backman and loses puck.
0:38 of 3rd period - Shot by Keith Tkachuk.
0:38 of 3rd period - Shot Blocked by Josef Melichar.
0:39 of 3rd period - Shot by Keith Tkachuk.
0:39 of 3rd period - Stopped by Marc-Andre Fleury with a rebound.
0:40 of 3rd period - Shot by Nicklas Lidstrom.
0:40 of 3rd period - Stopped by Marc-Andre Fleury without a rebound.
0:41 of 3rd period - Marty Reasoner wins face-off versus Kris Draper in Penguins zone.
0:44 of 3rd period - Shot by Fernando Pisani.
0:44 of 3rd period - Stopped by Marc-Andre Fleury without a rebound.
0:45 of 3rd period - Shawn Horcoff wins face-off versus Sidney Crosby in Penguins zone.
0:46 of 3rd period - Shot by Ryan Smyth.
0:46 of 3rd period - Shot Blocked by Ryan Whitney.
0:52 of 3rd period - Sidney Crosby is hit by Ryan Smyth and loses puck.
0:53 of 3rd period - Minor Penalty to Jason Smith for Slashing.
0:54 of 3rd period - Ryan Johnson wins face-off versus Jason Blake in Oilers zone.
1:33 of 3rd period - Shot by Jere Lehtinen.
1:33 of 3rd period - Shot Misses the Net.
1:50 of 3rd period - Shot by Ryan Malone.
1:50 of 3rd period - Shot Misses the Net.
2:01 of 3rd period - Shot by Colby Armstrong.
2:01 of 3rd period - Stopped by Dwayne Roloson with a rebound.
2:18 of 3rd period - Shot by Ryan Malone.
2:18 of 3rd period - Stopped by Dwayne Roloson with a rebound.
2:59 of 3rd period - Shot by Jason Blake.
2:59 of 3rd period - Stopped by Dwayne Roloson without a rebound.
3:00 of 3rd period - Marty Reasoner wins face-off versus Kris Draper in Oilers zone.
3:10 of 3rd period - Icing by Ryan Malone.
3:11 of 3rd period - Marty Reasoner wins face-off versus Kris Draper in Penguins zone.
3:26 of 3rd period - Shot by Ryan Malone.
3:26 of 3rd period - Shot Misses the Net.
4:27 of 3rd period - Shot by Brendan Witt.
4:27 of 3rd period - Stopped by Marc-Andre Fleury without a rebound.
4:28 of 3rd period - Shawn Horcoff wins face-off versus Michel Ouellet in Penguins zone.
4:53 of 3rd period - Shot by Jason Blake.
4:53 of 3rd period - Stopped by Dwayne Roloson without a rebound.
4:54 of 3rd period - Kris Draper wins face-off versus Ryan Johnson in Oilers zone.
5:12 of 3rd period - Icing by Jason Smith.
5:13 of 3rd period - Erik Christensen wins face-off versus Raffi Torres in Oilers zone.
5:58 of 3rd period - Shot by Jarret Stoll.
5:58 of 3rd period - Stopped by Marc-Andre Fleury without a rebound.
5:59 of 3rd period - Jarret Stoll wins face-off versus Kris Draper in Penguins zone.
6:00 of 3rd period - Shot by Keith Tkachuk.
6:00 of 3rd period - Stopped by Marc-Andre Fleury without a rebound.
6:01 of 3rd period - Jarret Stoll wins face-off versus Sidney Crosby in Penguins zone.
6:05 of 3rd period - Icing by Sergei Gonchar.
6:06 of 3rd period - Sidney Crosby wins face-off versus Jarret Stoll in Penguins zone.
6:16 of 3rd period - Ales Hemsky is hit by Sergei Gonchar and loses puck.
6:45 of 3rd period - Ales Hemsky is hit by Sergei Gonchar and loses puck.
7:02 of 3rd period - Minor Penalty to Sergei Gonchar for Slashing.
7:03 of 3rd period - Shawn Horcoff wins face-off versus Jason Blake in Penguins zone.
7:12 of 3rd period - Shot by Daniel Alfredsson.
7:12 of 3rd period - Stopped by Marc-Andre Fleury with a rebound.
7:13 of 3rd period - Shot by Nicklas Lidstrom.
7:13 of 3rd period - Shot Misses the Net.
7:16 of 3rd period - Shot by Daniel Alfredsson.
7:16 of 3rd period - Stopped by Marc-Andre Fleury with a rebound.
7:19 of 3rd period - Shot by Shawn Horcoff.
7:19 of 3rd period - Shot Misses the Net.
7:20 of 3rd period - Shot by Steve Staios.
7:20 of 3rd period - Stopped by Marc-Andre Fleury without a rebound.
7:21 of 3rd period - Sidney Crosby wins face-off versus Jarret Stoll in Penguins zone.
8:20 of 3rd period - Shot by Daniel Alfredsson.
8:20 of 3rd period - Shot Blocked by Christian Backman.
9:35 of 3rd period - Shot by Marty Reasoner.
9:35 of 3rd period - Stopped by Marc-Andre Fleury without a rebound.
9:36 of 3rd period - Sidney Crosby wins face-off versus Ryan Johnson in Penguins zone.
9:53 of 3rd period - Shot by Sidney Crosby.
9:53 of 3rd period - Goal by Sidney Crosby - Penguins : 1 - Oilers : 1.
9:54 of 3rd period - Keith Tkachuk wins face-off versus Erik Christensen in neutral zone.
10:23 of 3rd period - Shot by Ales Hemsky.
10:23 of 3rd period - Shot Misses the Net.
10:24 of 3rd period - Shot by Jarret Stoll.
10:24 of 3rd period - Shot Blocked by Josef Melichar.
10:51 of 3rd period - Shot by Sidney Crosby.
10:51 of 3rd period - Shot Misses the Net.
10:56 of 3rd period - Shot by Sidney Crosby.
10:56 of 3rd period - Shot Misses the Net.
11:19 of 3rd period - Shot by Sidney Crosby.
11:19 of 3rd period - Shot Misses the Net.
11:22 of 3rd period - Shot by Jere Lehtinen.
11:22 of 3rd period - Stopped by Dwayne Roloson with a rebound.
12:16 of 3rd period - Ryan Smyth is hit by Sidney Crosby and loses puck.
12:36 of 3rd period - Shot by Ales Hemsky.
12:36 of 3rd period - Stopped by Marc-Andre Fleury without a rebound.
12:37 of 3rd period - Marty Reasoner wins face-off versus Jere Lehtinen in Penguins zone.
12:40 of 3rd period - Shot by Fernando Pisani.
12:40 of 3rd period - Shot Misses the Net.
12:42 of 3rd period - Icing by Christian Backman.
12:43 of 3rd period - Jarret Stoll wins face-off versus Jere Lehtinen in Penguins zone.
13:08 of 3rd period - Shot by Keith Tkachuk.
13:08 of 3rd period - Shot Misses the Net.
13:09 of 3rd period - Shot by Nicklas Lidstrom.
13:09 of 3rd period - Shot Misses the Net.
13:12 of 3rd period - Shot by Jarret Stoll.
13:12 of 3rd period - Stopped by Marc-Andre Fleury with a rebound.
13:17 of 3rd period - Shot by Ales Hemsky.
13:17 of 3rd period - Shot Misses the Net.
14:00 of 3rd period - Shot by Marty Reasoner.
14:00 of 3rd period - Shot Misses the Net.
14:22 of 3rd period - Off-side.
14:23 of 3rd period - Shawn Horcoff wins face-off versus Sidney Crosby in neutral zone.
15:18 of 3rd period - Shot by Keith Tkachuk.
15:18 of 3rd period - Shot Blocked by Christian Backman.
15:30 of 3rd period - Minor Penalty to Brendan Witt for Charging.
15:31 of 3rd period - Jason Blake wins face-off versus Ryan Johnson in Oilers zone.
15:40 of 3rd period - Shot by Ryan Malone.
15:40 of 3rd period - Shot Blocked by Jason Smith.
15:43 of 3rd period - Shot by Jere Lehtinen.
15:43 of 3rd period - Shot Misses the Net.
15:48 of 3rd period - Shot by Jere Lehtinen.
15:48 of 3rd period - Stopped by Dwayne Roloson without a rebound.
15:49 of 3rd period - Jarret Stoll wins face-off versus Sidney Crosby in Oilers zone.
16:04 of 3rd period - Shot by Sidney Crosby.
16:04 of 3rd period - Stopped by Dwayne Roloson without a rebound.
16:05 of 3rd period - Ryan Johnson wins face-off versus Ryan Malone in Oilers zone.
16:20 of 3rd period - Shot by Sidney Crosby.
16:20 of 3rd period - Stopped by Dwayne Roloson with a rebound.
16:25 of 3rd period - Shot by Jere Lehtinen.
16:25 of 3rd period - Stopped by Dwayne Roloson with a rebound.
16:28 of 3rd period - Shot by Sidney Crosby.
16:28 of 3rd period - Stopped by Dwayne Roloson without a rebound.
16:29 of 3rd period - Ryan Johnson wins face-off versus Jere Lehtinen in Oilers zone.
17:44 of 3rd period - Shot by Nils Ekman.
17:44 of 3rd period - Shot Misses the Net.
17:45 of 3rd period - Shot by Mark Eaton.
17:45 of 3rd period - Stopped by Dwayne Roloson without a rebound.
17:46 of 3rd period - Jarret Stoll wins face-off versus Kris Draper in Oilers zone.
18:42 of 3rd period - Off-side.
18:43 of 3rd period - Erik Christensen wins face-off versus Shawn Horcoff in neutral zone.
19:09 of 3rd period - Minor Penalty to Steve Staios for Holding.
19:10 of 3rd period - Ryan Johnson wins face-off versus Kris Draper in Oilers zone.
19:34 of 3rd period - Icing by Ryan Whitney.
19:35 of 3rd period - Shawn Horcoff wins face-off versus Kris Draper in Penguins zone.
19:43 of 3rd period - Off-side.
19:44 of 3rd period - Ryan Johnson wins face-off versus Sidney Crosby in neutral zone.

Overtime #1

0:01 of 1st overtime period - Sidney Crosby wins face-off versus Ryan Johnson in neutral zone.
0:25 of 1st overtime period - Icing by Sergei Gonchar.
0:26 of 1st overtime period - Daniel Alfredsson wins face-off versus Sidney Crosby in Penguins zone.
1:03 of 1st overtime period - Shot by Jason Blake.
1:03 of 1st overtime period - Shot Blocked by Ryan Johnson.
1:08 of 1st overtime period - Shot by Jason Blake.
1:08 of 1st overtime period - Stopped by Dwayne Roloson with a rebound.
2:05 of 1st overtime period - Shot by Tomas Surovy.
2:05 of 1st overtime period - Shot Blocked by Steve Staios.
2:46 of 1st overtime period - Shot by Ryan Smyth.
2:46 of 1st overtime period - Shot Misses the Net.
3:35 of 1st overtime period - Shot by Sidney Crosby.
3:35 of 1st overtime period - Goal by Sidney Crosby - Penguins : 2 - Oilers : 1.


Output by the SimonT Hockey Simulator (STHS) for Stephane Roy -- Original Page W3C XHTML 1.0 Valid